[ AOE2 MATCH · #484160607 ]
UnrankedBengalis vs Incas
[ REPLAY ANALYSIS · EXTRACTED FROM THE RECORDED GAME ]
Feudal
14:05
Castle
18:39
Imperial
33:17
| APM avg | 17.1 |
| APM peak | 36 |
| eAPM avg | 14.0 |
| Villagers / military | 119 / 166 |
Focus
⚔️ 20.6% · 🌾 79.4%
Skirmisher ×116 · Battle Elephant ×44 · Trade Cart ×5 · Scout Cavalry ×5 · Monk ×1
Feudal
—
Castle
—
Imperial
—
| APM avg | 12.0 |
| APM peak | 31 |
| eAPM avg | 9.6 |
| Villagers / military | 103 / 22 |
Focus
⚔️ 25.1% · 🌾 74.9%
Unknown (2550) ×33 · Spearman ×21 · Trade Cart ×4 · Monk ×1
Feudal
11:49
Castle
21:38
Imperial
42:07
| APM avg | 22.0 |
| APM peak | 45 |
| eAPM avg | 16.4 |
| Villagers / military | 124 / 217 |
Focus
⚔️ 21.1% · 🌾 78.9%
Spearman ×113 · Woad Raider ×99 · Trade Cart ×8 · Skirmisher ×4 · Monk ×1
Feudal
11:38
Castle
15:40
Imperial
30:50
| APM avg | 40.8 |
| APM peak | 90 |
| eAPM avg | 20.1 |
| Villagers / military | 210 / 126 |
Focus
⚔️ 25.6% · 🌾 74.4%
Knight ×100 · Bombard Cannon ×22 · Petard ×3 · Monk ×1
Feudal
11:54
Castle
15:45
Imperial
32:06
| APM avg | 48.3 |
| APM peak | 83 |
| eAPM avg | 33.1 |
| Villagers / military | 223 / 217 |
Focus
⚔️ 28.1% · 🌾 71.9%
Camel Scout ×99 · Mangudai ×86 · Battering Ram ×25 · Knight ×5 · Monk ×2
Feudal
—
Castle
—
Imperial
—
| APM avg | 6.6 |
| APM peak | 19 |
| eAPM avg | 5.8 |
| Villagers / military | 65 / 11 |
Focus
⚔️ 17.0% · 🌾 83.0%
Trade Cart ×11 · Skirmisher ×9 · Monk ×2
Feudal
—
Castle
—
Imperial
—
| APM avg | 6.1 |
| APM peak | 29 |
| eAPM avg | 5.0 |
| Villagers / military | 27 / 14 |
Focus
⚔️ 15.9% · 🌾 84.1%
Spearman ×12 · Trade Cart ×6 · Unknown (2550) ×4 · Archer ×2
Feudal
—
Castle
—
Imperial
—
| APM avg | 13.1 |
| APM peak | 84 |
| eAPM avg | 12.8 |
| Villagers / military | 41 / 43 |
Focus
⚔️ 10.2% · 🌾 89.8%
Militia ×29 · Archer ×8 · Cavalry Archer ×6 · Trade Cart ×4
Match map
Initial resources + every placement click. Lines = walls · curves = elevation contours. ◆ gold · ⬟ stone · ● berries · ✦ relic · ◌ wall gap
Your base· ✓ Closed at 18:39 · 39t walls · fragile
BABOOSHKA6849's base· ✓ Closed at 18:13 · 22t walls · fragile
katten's base· ✓ Closed at 21:38 · 10t walls · fragile
ASTON MARTIN's base· ✓ Closed at 15:40 · 0t walls · fragile
Medivh4's base· ✓ Closed at 15:45 · 11t walls · fragile
Luchof995's base· ✓ Closed at 21:18 · 0t walls · fragile
ClaudioTx23's base· ✓ Closed at 37:11 · 42t walls · 1 gate(s) · fragile
NoSoulGuy040's base· ✓ Closed at 33:21 · 13t walls · fragile
Smoothed initial terrain · ◌ = detected wall gap · hover for details
Inputs per minute
— MaTii(ARG) - - BABOOSHKA6849
Build order — MaTii(ARG)
First 150 of 385 actions detected
| 0:03 | Build | House |
| 0:03 | Create | Villager (Male) |
| 0:03 | Create | Villager (Male) |
| 0:04 | Create | Villager (Male) |
| 0:05 | Build | House |
| 0:20 | Research | Loom |
| 0:23 | Create | Villager (Male) |
| 0:23 | Create | Villager (Male) |
| 1:38 | Build | Palisade Wall |
| 2:26 | Create | Villager (Male) |
| 2:26 | Create | Villager (Male) |
| 2:34 | Build | House |
| 2:43 | Build | House |
| 3:08 | Create | Villager (Male) |
| 3:08 | Create | Villager (Male) |
| 3:37 | Create | Villager (Male) |
| 3:37 | Create | Villager (Male) |
| 4:00 | Create | Villager (Male) |
| 4:00 | Create | Villager (Male) |
| 4:10 | Build | Palisade Wall |
| 4:54 | Build | Palisade Wall |
| 5:17 | Create | Villager (Male) |
| 5:17 | Create | Villager (Male) |
| 5:46 | Create | Villager (Male) |
| 6:22 | Create | Villager (Male) |
| 6:22 | Create | Villager (Male) |
| 6:46 | Build | House |
| 6:51 | Build | House |
| 7:06 | Create | Villager (Male) |
| 7:06 | Create | Villager (Male) |
| 7:06 | Create | Villager (Male) |
| 7:41 | Build | Lumber Camp |
| 8:57 | Create | Villager (Male) |
| 8:58 | Create | Villager (Male) |
| 9:09 | Build | Mill |
| 9:13 | Create | Villager (Male) |
| 10:01 | Create | Villager (Male) |
| 10:17 | Build | Mill |
| 10:33 | Create | Villager (Male) |
| 11:30 | Create | Villager (Male) |
| 11:48 | Research | Feudal Age |
| 12:24 | Build | Mining Camp |
| 13:26 | Build | House |
| 14:00 | Create | Villager (Male) |
| 14:00 | Create | Villager (Male) |
| 14:05 | Age | Feudal Age |
| 14:15 | Build | Market |
| 14:55 | Build | Blacksmith |
| 15:07 | Create | Villager (Male) |
| 15:31 | Create | Villager (Male) |
| 15:59 | Research | Castle Age |
| 16:20 | Build | Stone Wall |
| 16:36 | Build | Farm |
| 16:36 | Build | Farm |
| 16:37 | Build | Farm |
| 16:38 | Build | Farm |
| 16:38 | Build | Farm |
| 16:38 | Build | Farm |
| 16:39 | Build | Farm |
| 16:39 | Build | Farm |
| 16:39 | Build | Farm |
| 16:40 | Build | Farm |
| 16:40 | Build | Farm |
| 16:40 | Build | Farm |
| 16:40 | Build | Farm |
| 16:41 | Build | Farm |
| 16:45 | Build | Farm |
| 17:15 | Build | Farm |
| 17:22 | Research | Double-Bit Axe |
| 17:47 | Build | Farm |
| 18:14 | Build | Mining Camp |
| 18:26 | Build | House |
| 18:31 | Build | House |
| 18:39 | Age | Castle Age |
| 18:43 | Create | Villager (Male) |
| 18:43 | Create | Villager (Male) |
| 18:58 | Create | Villager (Male) |
| 18:58 | Create | Villager (Male) |
| 19:22 | Build | Town Center |
| 19:42 | Research | Horse Collar |
| 19:42 | Research | Horse Collar |
| 20:07 | Build | House |
| 20:09 | Build | House |
| 20:13 | Create | Villager (Male) |
| 20:36 | Build | Farm |
| 20:37 | Create | Villager (Male) |
| 20:38 | Create | Villager (Male) |
| 20:45 | Build | House |
| 20:48 | Build | House |
| 20:52 | Build | House |
| 20:58 | Create | Villager (Male) |
| 21:02 | Build | Farm |
| 21:03 | Create | Villager (Male) |
| 21:10 | Create | Villager (Male) |
| 21:11 | Create | Villager (Male) |
| 21:23 | Create | Villager (Male) |
| 21:29 | Build | Lumber Camp |
| 21:36 | Create | Villager (Male) |
| 21:48 | Create | Villager (Male) |
| 21:49 | Create | Villager (Male) |
| 21:49 | Create | Villager (Male) |
| 22:17 | Build | Town Center |
| 22:42 | Build | Monastery |
| 22:43 | Create | Villager (Male) |
| 22:44 | Create | Villager (Male) |
| 22:56 | Build | Stone Wall |
| 22:59 | Create | Villager (Male) |
| 23:11 | Create | Villager (Male) |
| 23:12 | Create | Villager (Male) |
| 23:18 | Build | Mining Camp |
| 23:20 | Create | Villager (Male) |
| 23:20 | Create | Villager (Male) |
| 23:22 | Research | Bow Saw |
| 23:34 | Build | Farm |
| 23:35 | Build | Farm |
| 23:35 | Build | Farm |
| 23:35 | Build | Farm |
| 23:35 | Build | Farm |
| 23:55 | Create | Monk |
| 24:06 | Build | House |
| 24:08 | Build | House |
| 24:11 | Build | House |
| 24:14 | Build | House |
| 24:15 | Build | House |
| 24:22 | Create | Villager (Male) |
| 24:22 | Create | Villager (Male) |
| 24:24 | Create | Villager (Male) |
| 24:34 | Research | Wheelbarrow |
| 24:36 | Create | Villager (Male) |
| 24:38 | Create | Villager (Male) |
| 24:42 | Build | Farm |
| 24:44 | Build | Farm |
| 24:45 | Build | Farm |
| 24:54 | Build | Farm |
| 24:56 | Create | Villager (Male) |
| 25:20 | Create | Villager (Male) |
| 25:21 | Create | Villager (Male) |
| 25:43 | Build | Barracks |
| 25:52 | Build | Siege Workshop |
| 25:56 | Create | Villager (Male) |
| 25:57 | Create | Villager (Male) |
| 25:57 | Create | Villager (Male) |
| 26:05 | Build | House |
| 26:12 | Create | Villager (Male) |
| 26:12 | Create | Villager (Male) |
| 26:22 | Build | Farm |
| 26:22 | Build | Farm |
| 26:23 | Build | Farm |
| 26:23 | Build | Farm |
| 26:23 | Build | Farm |
Build order — BABOOSHKA6849
First 150 of 286 actions detected
| 0:12 | Build | House |
| 0:13 | Build | House |
| 0:53 | Research | Loom |
| 0:53 | Create | Villager (Male) |
| 0:54 | Create | Villager (Male) |
| 0:54 | Create | Villager (Male) |
| 0:55 | Create | Villager (Male) |
| 1:40 | Build | Palisade Wall |
| 2:09 | Create | Villager (Male) |
| 3:21 | Build | Palisade Wall |
| 3:30 | Create | Villager (Male) |
| 3:30 | Create | Villager (Male) |
| 4:06 | Create | Villager (Male) |
| 4:37 | Create | Villager (Male) |
| 5:19 | Build | Settlement |
| 5:24 | Create | Villager (Male) |
| 6:03 | Create | Villager (Male) |
| 6:28 | Create | Villager (Male) |
| 6:29 | Create | Villager (Male) |
| 6:29 | Create | Villager (Male) |
| 6:29 | Create | Villager (Male) |
| 6:56 | Create | Villager (Male) |
| 7:56 | Create | Villager (Male) |
| 7:56 | Create | Villager (Male) |
| 7:57 | Create | Villager (Male) |
| 7:57 | Create | Villager (Male) |
| 8:30 | Build | Settlement |
| 11:20 | Build | Barracks |
| 11:37 | Research | Feudal Age |
| 11:48 | Build | Farm |
| 11:51 | Build | Farm |
| 12:00 | Build | Farm |
| 13:31 | Create | Villager (Male) |
| 13:31 | Create | Villager (Male) |
| 13:32 | Create | Villager (Male) |
| 13:47 | Build | Farm |
| 13:50 | Build | Farm |
| 14:00 | Create | Villager (Male) |
| 14:48 | Build | Settlement |
| 14:54 | Create | Villager (Male) |
| 15:06 | Build | Farm |
| 15:20 | Build | Market |
| 15:31 | Create | Villager (Male) |
| 15:36 | Create | Villager (Male) |
| 16:06 | Build | Stone Wall |
| 16:13 | Create | Villager (Male) |
| 16:51 | Build | Blacksmith |
| 17:08 | Create | Villager (Male) |
| 17:42 | Create | Villager (Male) |
| 17:54 | Build | Farm |
| 18:09 | Build | Farm |
| 18:13 | Research | Castle Age |
| 18:24 | Research | Horse Collar |
| 18:49 | Build | Stone Wall |
| 19:07 | Create | Villager (Male) |
| 19:08 | Create | Villager (Male) |
| 19:28 | Research | Double-Bit Axe |
| 19:32 | Create | Villager (Male) |
| 19:56 | Build | House |
| 19:58 | Build | House |
| 20:29 | Build | Stone Wall |
| 20:37 | Create | Villager (Male) |
| 21:10 | Build | Town Center |
| 21:22 | Create | Villager (Male) |
| 21:52 | Build | Town Center |
| 22:04 | Create | Villager (Male) |
| 22:11 | Create | Villager (Male) |
| 22:34 | Build | Farm |
| 22:36 | Build | Farm |
| 22:38 | Build | Farm |
| 22:40 | Build | Farm |
| 23:10 | Build | Monastery |
| 23:21 | Create | Villager (Male) |
| 23:21 | Create | Villager (Male) |
| 23:21 | Create | Villager (Male) |
| 23:26 | Create | Villager (Male) |
| 23:26 | Create | Villager (Male) |
| 23:33 | Create | Villager (Male) |
| 23:33 | Create | Villager (Male) |
| 23:33 | Create | Villager (Male) |
| 23:43 | Build | Farm |
| 23:46 | Build | Farm |
| 23:57 | Create | Villager (Male) |
| 23:57 | Create | Villager (Male) |
| 24:02 | Build | Farm |
| 24:34 | Create | Villager (Male) |
| 24:35 | Create | Villager (Male) |
| 24:35 | Create | Villager (Male) |
| 24:45 | Build | Farm |
| 24:48 | Build | Farm |
| 24:58 | Build | Farm |
| 25:04 | Build | Farm |
| 25:16 | Create | Villager (Male) |
| 25:16 | Create | Villager (Male) |
| 25:18 | Research | Wheelbarrow |
| 25:25 | Create | Villager (Male) |
| 25:25 | Create | Villager (Male) |
| 25:42 | Create | Villager (Male) |
| 26:19 | Build | Market |
| 26:42 | Create | Trade Cart |
| 26:42 | Create | Trade Cart |
| 26:49 | Create | Villager (Male) |
| 26:50 | Create | Villager (Male) |
| 26:55 | Create | Villager (Male) |
| 26:55 | Create | Villager (Male) |
| 26:56 | Create | Villager (Male) |
| 27:12 | Research | Forging |
| 27:29 | Build | House |
| 27:34 | Build | House |
| 27:37 | Build | House |
| 27:45 | Build | Farm |
| 27:47 | Build | Farm |
| 27:50 | Build | Farm |
| 27:54 | Build | Farm |
| 27:56 | Build | Farm |
| 27:59 | Build | Farm |
| 28:01 | Build | Farm |
| 28:05 | Build | Farm |
| 28:08 | Build | Farm |
| 28:12 | Create | Villager (Male) |
| 28:12 | Create | Villager (Male) |
| 28:13 | Create | Villager (Male) |
| 28:13 | Create | Villager (Male) |
| 28:19 | Create | Villager (Male) |
| 28:19 | Create | Villager (Male) |
| 28:20 | Create | Villager (Male) |
| 28:32 | Build | Barracks |
| 28:48 | Build | Castle |
| 28:53 | Create | Trade Cart |
| 29:03 | Create | Trade Cart |
| 29:50 | Build | University |
| 29:55 | Create | Monk |
| 30:17 | Create | Villager (Male) |
| 30:18 | Create | Villager (Male) |
| 30:22 | Create | Villager (Male) |
| 30:26 | Create | Villager (Male) |
| 30:26 | Create | Villager (Male) |
| 30:27 | Create | Villager (Male) |
| 30:27 | Create | Villager (Male) |
| 30:32 | Create | Villager (Male) |
| 30:33 | Create | Villager (Male) |
| 31:01 | Build | Settlement |
| 31:17 | Build | Castle |
| 31:42 | Build | Settlement |
| 32:00 | Research | Imperial Age |
| 32:07 | Create | Villager (Male) |
| 32:07 | Create | Villager (Male) |
| 32:08 | Create | Villager (Male) |
| 32:08 | Create | Villager (Male) |
| 32:23 | Build | Farm |
Build order — katten
First 150 of 439 actions detected
| 0:07 | Build | House |
| 0:11 | Create | Villager (Male) |
| 0:11 | Create | Villager (Male) |
| 0:11 | Create | Villager (Male) |
| 0:12 | Create | Villager (Male) |
| 0:35 | Build | House |
| 1:21 | Create | Villager (Male) |
| 1:21 | Create | Villager (Male) |
| 1:55 | Build | Palisade Wall |
| 3:27 | Create | Villager (Male) |
| 3:27 | Create | Villager (Male) |
| 3:28 | Create | Villager (Male) |
| 3:28 | Create | Villager (Male) |
| 3:35 | Build | Mill |
| 4:36 | Create | Villager (Male) |
| 4:36 | Create | Villager (Male) |
| 5:22 | Build | House |
| 5:40 | Build | House |
| 5:47 | Create | Villager (Male) |
| 5:47 | Create | Villager (Male) |
| 5:47 | Create | Villager (Male) |
| 5:52 | Create | Villager (Male) |
| 5:53 | Create | Villager (Male) |
| 6:03 | Create | Villager (Male) |
| 6:31 | Create | Villager (Male) |
| 6:31 | Create | Villager (Male) |
| 7:18 | Create | Villager (Male) |
| 7:18 | Create | Villager (Male) |
| 8:10 | Build | Lumber Camp |
| 8:18 | Create | Villager (Male) |
| 8:18 | Create | Villager (Male) |
| 8:19 | Create | Villager (Male) |
| 8:19 | Create | Villager (Male) |
| 8:28 | Build | House |
| 9:39 | Research | Feudal Age |
| 9:39 | Research | Feudal Age |
| 10:01 | Build | Mining Camp |
| 11:36 | Create | Villager (Male) |
| 11:37 | Create | Villager (Male) |
| 11:38 | Create | Villager (Male) |
| 11:39 | Create | Villager (Male) |
| 11:49 | Age | Feudal Age |
| 11:56 | Research | Double-Bit Axe |
| 12:15 | Build | House |
| 12:17 | Build | House |
| 12:36 | Build | Market |
| 12:50 | Build | Farm |
| 12:51 | Build | Farm |
| 12:51 | Build | Farm |
| 12:51 | Build | Farm |
| 12:52 | Build | Farm |
| 12:52 | Build | Farm |
| 12:52 | Build | Farm |
| 12:53 | Build | Farm |
| 13:27 | Build | Farm |
| 13:41 | Build | Farm |
| 13:49 | Build | Farm |
| 14:26 | Build | Barracks |
| 14:33 | Create | Villager (Male) |
| 14:33 | Create | Villager (Male) |
| 14:34 | Create | Villager (Male) |
| 14:34 | Create | Villager (Male) |
| 14:42 | Build | Farm |
| 14:43 | Build | Farm |
| 14:57 | Create | Villager (Male) |
| 15:09 | Build | House |
| 15:22 | Create | Villager (Male) |
| 15:29 | Build | Farm |
| 15:34 | Build | Farm |
| 15:34 | Build | Farm |
| 15:54 | Build | Farm |
| 16:40 | Build | Archery Range |
| 16:49 | Create | Villager (Male) |
| 16:49 | Create | Villager (Male) |
| 16:53 | Build | Farm |
| 16:54 | Build | Farm |
| 16:55 | Build | Farm |
| 17:08 | Research | Horse Collar |
| 18:05 | Build | Farm |
| 18:06 | Build | Farm |
| 18:06 | Build | Farm |
| 18:06 | Build | Farm |
| 18:06 | Build | Farm |
| 18:07 | Build | Farm |
| 18:07 | Build | Farm |
| 18:07 | Build | Farm |
| 18:29 | Build | Mill |
| 18:34 | Create | Villager (Male) |
| 18:34 | Create | Villager (Male) |
| 18:53 | Research | Castle Age |
| 19:27 | Create | Skirmisher |
| 19:27 | Create | Skirmisher |
| 19:27 | Create | Skirmisher |
| 19:27 | Create | Skirmisher |
| 21:02 | Build | House |
| 21:03 | Build | House |
| 21:38 | Age | Castle Age |
| 21:43 | Build | Town Center |
| 21:47 | Research | Bow Saw |
| 21:54 | Create | Villager (Male) |
| 21:54 | Create | Villager (Male) |
| 21:56 | Create | Villager (Male) |
| 21:57 | Create | Villager (Male) |
| 22:19 | Create | Villager (Male) |
| 22:19 | Create | Villager (Male) |
| 22:45 | Create | Villager (Male) |
| 22:45 | Create | Villager (Male) |
| 22:46 | Create | Villager (Male) |
| 22:46 | Create | Villager (Male) |
| 23:11 | Build | Town Center |
| 23:39 | Create | Villager (Male) |
| 23:39 | Create | Villager (Male) |
| 23:43 | Build | Farm |
| 24:04 | Build | Farm |
| 24:15 | Build | Farm |
| 24:28 | Build | Farm |
| 24:52 | Research | Stone Mining |
| 25:02 | Build | Mining Camp |
| 25:06 | Create | Villager (Male) |
| 25:06 | Create | Villager (Male) |
| 25:06 | Create | Villager (Male) |
| 25:07 | Create | Villager (Male) |
| 25:07 | Create | Villager (Male) |
| 25:07 | Create | Villager (Male) |
| 25:11 | Create | Villager (Male) |
| 25:11 | Create | Villager (Male) |
| 25:13 | Create | Villager (Male) |
| 25:13 | Create | Villager (Male) |
| 25:14 | Create | Villager (Male) |
| 25:27 | Build | Lumber Camp |
| 25:43 | Create | Villager (Male) |
| 25:43 | Create | Villager (Male) |
| 25:48 | Create | Villager (Male) |
| 25:48 | Create | Villager (Male) |
| 25:48 | Create | Villager (Male) |
| 25:59 | Research | Stone Shaft Mining |
| 26:39 | Build | Farm |
| 26:39 | Build | Farm |
| 27:11 | Build | House |
| 27:12 | Build | House |
| 27:13 | Build | House |
| 27:29 | Build | Farm |
| 27:39 | Build | Farm |
| 27:47 | Create | Villager (Male) |
| 27:47 | Create | Villager (Male) |
| 27:47 | Create | Villager (Male) |
| 27:48 | Create | Villager (Male) |
| 27:48 | Create | Villager (Male) |
| 27:52 | Build | House |
| 28:19 | Research | Gold Mining |
Build order — ASTON MARTIN
First 150 of 513 actions detected
| 0:02 | Research | Loom |
| 0:02 | Research | Loom |
| 0:02 | Research | Loom |
| 0:03 | Create | Villager (Male) |
| 0:03 | Create | Villager (Male) |
| 0:04 | Create | Villager (Male) |
| 0:04 | Create | Villager (Male) |
| 0:04 | Create | Villager (Male) |
| 0:05 | Build | House |
| 0:07 | Build | House |
| 1:43 | Create | Villager (Male) |
| 2:18 | Build | Lumber Camp |
| 2:30 | Create | Villager (Male) |
| 2:30 | Create | Villager (Male) |
| 2:30 | Create | Villager (Male) |
| 3:04 | Create | Villager (Male) |
| 3:04 | Create | Villager (Male) |
| 3:26 | Create | Villager (Male) |
| 3:26 | Create | Villager (Male) |
| 3:52 | Create | Villager (Male) |
| 3:52 | Create | Villager (Male) |
| 3:52 | Create | Villager (Male) |
| 4:05 | Build | House |
| 4:19 | Create | Villager (Male) |
| 4:19 | Create | Villager (Male) |
| 4:48 | Build | Mill |
| 4:53 | Create | Villager (Male) |
| 4:54 | Create | Villager (Male) |
| 4:54 | Create | Villager (Male) |
| 5:24 | Create | Villager (Male) |
| 5:24 | Create | Villager (Male) |
| 5:25 | Create | Villager (Male) |
| 5:44 | Create | Villager (Male) |
| 5:44 | Create | Villager (Male) |
| 5:44 | Create | Villager (Male) |
| 6:27 | Create | Villager (Male) |
| 6:27 | Create | Villager (Male) |
| 6:28 | Create | Villager (Male) |
| 6:28 | Create | Villager (Male) |
| 7:28 | Build | House |
| 9:03 | Create | Villager (Male) |
| 9:10 | Research | Feudal Age |
| 9:58 | Build | Mining Camp |
| 11:15 | Create | Villager (Male) |
| 11:16 | Create | Villager (Male) |
| 11:38 | Age | Feudal Age |
| 11:40 | Build | Market |
| 12:18 | Build | Blacksmith |
| 13:00 | Research | Castle Age |
| 13:00 | Research | Castle Age |
| 13:13 | Research | Double-Bit Axe |
| 15:40 | Age | Castle Age |
| 15:48 | Build | Town Center |
| 15:52 | Build | Town Center |
| 16:00 | Research | Bow Saw |
| 16:19 | Build | Town Center |
| 16:40 | Create | Villager (Male) |
| 16:40 | Create | Villager (Male) |
| 16:40 | Create | Villager (Male) |
| 16:41 | Create | Villager (Male) |
| 16:41 | Create | Villager (Male) |
| 16:53 | Build | Farm |
| 16:54 | Build | Farm |
| 16:54 | Build | Farm |
| 16:55 | Build | Farm |
| 17:14 | Build | Farm |
| 17:23 | Build | Farm |
| 17:28 | Build | Farm |
| 17:41 | Build | House |
| 18:23 | Create | Villager (Male) |
| 18:23 | Create | Villager (Male) |
| 18:24 | Create | Villager (Male) |
| 18:31 | Build | Farm |
| 18:32 | Build | Farm |
| 19:04 | Create | Villager (Male) |
| 19:04 | Create | Villager (Male) |
| 19:04 | Create | Villager (Male) |
| 19:12 | Create | Villager (Male) |
| 19:12 | Create | Villager (Male) |
| 19:18 | Build | Farm |
| 19:41 | Build | Farm |
| 19:41 | Build | Farm |
| 19:42 | Build | Farm |
| 19:42 | Build | Farm |
| 19:43 | Build | Farm |
| 19:44 | Build | Farm |
| 19:49 | Build | Farm |
| 19:49 | Build | Farm |
| 19:50 | Build | Farm |
| 19:50 | Build | Farm |
| 19:51 | Build | Farm |
| 19:59 | Create | Villager (Male) |
| 19:59 | Create | Villager (Male) |
| 19:59 | Create | Villager (Male) |
| 20:13 | Create | Villager (Male) |
| 20:13 | Create | Villager (Male) |
| 20:15 | Create | Villager (Male) |
| 20:15 | Create | Villager (Male) |
| 20:30 | Build | Farm |
| 20:33 | Build | Farm |
| 20:34 | Create | Villager (Male) |
| 20:34 | Create | Villager (Male) |
| 20:39 | Build | Farm |
| 20:44 | Build | House |
| 20:45 | Build | House |
| 20:51 | Create | Villager (Male) |
| 20:51 | Create | Villager (Male) |
| 20:54 | Create | Villager (Male) |
| 20:54 | Create | Villager (Male) |
| 21:03 | Create | Villager (Male) |
| 21:03 | Create | Villager (Male) |
| 21:04 | Create | Villager (Male) |
| 21:05 | Build | Farm |
| 21:14 | Create | Villager (Male) |
| 21:14 | Create | Villager (Male) |
| 21:15 | Create | Villager (Male) |
| 21:16 | Create | Villager (Male) |
| 21:17 | Create | Villager (Male) |
| 21:17 | Create | Villager (Male) |
| 21:20 | Create | Villager (Male) |
| 21:20 | Create | Villager (Male) |
| 21:25 | Build | Farm |
| 21:36 | Build | Farm |
| 21:37 | Create | Villager (Male) |
| 21:37 | Create | Villager (Male) |
| 21:38 | Create | Villager (Male) |
| 21:38 | Create | Villager (Male) |
| 21:47 | Create | Villager (Male) |
| 21:47 | Create | Villager (Male) |
| 21:56 | Build | Farm |
| 21:57 | Create | Villager (Male) |
| 21:57 | Create | Villager (Male) |
| 21:57 | Create | Villager (Male) |
| 21:58 | Create | Villager (Male) |
| 21:58 | Create | Villager (Male) |
| 22:04 | Create | Villager (Male) |
| 22:05 | Create | Villager (Male) |
| 22:09 | Build | House |
| 22:14 | Build | House |
| 22:17 | Create | Villager (Male) |
| 22:17 | Create | Villager (Male) |
| 22:18 | Create | Villager (Male) |
| 22:26 | Research | Wheelbarrow |
| 22:26 | Research | Wheelbarrow |
| 22:34 | Create | Villager (Male) |
| 22:35 | Create | Villager (Male) |
| 22:35 | Create | Villager (Male) |
| 22:41 | Build | Farm |
| 22:44 | Build | Farm |
| 22:45 | Create | Villager (Male) |
Build order — Medivh4
First 150 of 689 actions detected
| 0:03 | Create | Villager (Male) |
| 0:04 | Create | Villager (Male) |
| 0:04 | Create | Villager (Male) |
| 0:05 | Build | House |
| 0:06 | Build | House |
| 0:08 | Create | Villager (Male) |
| 1:40 | Create | Villager (Male) |
| 2:04 | Create | Villager (Male) |
| 2:05 | Create | Villager (Male) |
| 2:05 | Create | Villager (Male) |
| 2:25 | Build | Palisade Wall |
| 2:32 | Create | Villager (Male) |
| 2:32 | Create | Villager (Male) |
| 2:33 | Create | Villager (Male) |
| 2:49 | Build | Lumber Camp |
| 2:51 | Create | Villager (Male) |
| 2:52 | Create | Villager (Male) |
| 2:52 | Create | Villager (Male) |
| 3:01 | Create | Villager (Male) |
| 3:01 | Create | Villager (Male) |
| 3:35 | Build | House |
| 3:39 | Create | Villager (Male) |
| 3:39 | Create | Villager (Male) |
| 3:40 | Create | Villager (Male) |
| 3:56 | Create | Villager (Male) |
| 4:18 | Build | House |
| 4:24 | Create | Villager (Male) |
| 4:24 | Create | Villager (Male) |
| 4:55 | Create | Villager (Male) |
| 4:58 | Build | House |
| 5:01 | Build | Palisade Wall |
| 5:24 | Create | Villager (Male) |
| 5:49 | Create | Villager (Male) |
| 5:49 | Create | Villager (Male) |
| 5:49 | Create | Villager (Male) |
| 5:49 | Create | Villager (Male) |
| 5:49 | Create | Villager (Male) |
| 6:40 | Build | Mill |
| 7:12 | Create | Villager (Male) |
| 7:22 | Create | Villager (Male) |
| 8:04 | Create | Villager (Male) |
| 8:04 | Create | Villager (Male) |
| 8:04 | Create | Villager (Male) |
| 8:04 | Create | Villager (Male) |
| 8:05 | Create | Villager (Male) |
| 8:05 | Create | Villager (Male) |
| 9:32 | Build | Mining Camp |
| 9:43 | Research | Feudal Age |
| 9:43 | Research | Feudal Age |
| 9:43 | Research | Feudal Age |
| 10:22 | Create | Villager (Male) |
| 10:56 | Build | Farm |
| 10:57 | Build | Farm |
| 11:29 | Build | House |
| 11:54 | Age | Feudal Age |
| 11:57 | Build | Blacksmith |
| 12:00 | Build | Market |
| 12:09 | Create | Villager (Male) |
| 12:30 | Research | Double-Bit Axe |
| 12:31 | Research | Double-Bit Axe |
| 12:31 | Research | Double-Bit Axe |
| 12:46 | Build | House |
| 13:05 | Research | Castle Age |
| 13:05 | Research | Castle Age |
| 13:05 | Research | Castle Age |
| 13:14 | Research | Horse Collar |
| 13:19 | Build | Farm |
| 13:29 | Build | Farm |
| 13:30 | Build | Farm |
| 13:47 | Build | Farm |
| 13:50 | Build | Farm |
| 14:27 | Create | Villager (Male) |
| 14:27 | Create | Villager (Male) |
| 15:45 | Age | Castle Age |
| 15:49 | Build | Town Center |
| 15:55 | Build | Town Center |
| 15:56 | Create | Villager (Male) |
| 15:59 | Research | Bow Saw |
| 16:00 | Research | Bow Saw |
| 16:00 | Research | Bow Saw |
| 16:41 | Build | Farm |
| 16:48 | Create | Villager (Male) |
| 17:01 | Build | Town Center |
| 17:31 | Create | Villager (Male) |
| 17:42 | Create | Villager (Male) |
| 17:44 | Create | Villager (Male) |
| 17:46 | Create | Villager (Male) |
| 17:55 | Create | Villager (Male) |
| 17:58 | Build | House |
| 17:59 | Build | House |
| 18:00 | Build | House |
| 18:16 | Build | Palisade Wall |
| 18:18 | Build | Palisade Gate |
| 18:25 | Create | Villager (Male) |
| 18:26 | Create | Villager (Male) |
| 18:27 | Create | Villager (Male) |
| 18:34 | Build | Farm |
| 18:35 | Build | Farm |
| 18:38 | Build | Farm |
| 18:41 | Build | Farm |
| 18:42 | Create | Villager (Male) |
| 18:46 | Create | Villager (Male) |
| 18:49 | Build | Farm |
| 18:51 | Build | Monastery |
| 18:56 | Build | Farm |
| 18:58 | Build | Farm |
| 19:01 | Build | Farm |
| 19:03 | Create | Villager (Male) |
| 19:05 | Create | Villager (Male) |
| 19:09 | Create | Villager (Male) |
| 19:11 | Build | Farm |
| 19:25 | Build | Farm |
| 19:28 | Research | Loom |
| 19:29 | Research | Loom |
| 19:29 | Research | Loom |
| 19:30 | Create | Villager (Male) |
| 19:33 | Create | Villager (Male) |
| 19:35 | Create | Villager (Male) |
| 19:47 | Create | Villager (Male) |
| 19:58 | Build | Farm |
| 20:01 | Build | Farm |
| 20:02 | Create | Villager (Male) |
| 20:03 | Create | Villager (Male) |
| 20:05 | Create | Villager (Male) |
| 20:09 | Create | Villager (Male) |
| 20:15 | Build | Farm |
| 20:17 | Build | Farm |
| 20:19 | Build | Farm |
| 20:21 | Create | Villager (Male) |
| 20:22 | Create | Villager (Male) |
| 20:22 | Create | Villager (Male) |
| 20:24 | Create | Villager (Male) |
| 20:38 | Build | Farm |
| 20:40 | Create | Villager (Male) |
| 20:42 | Create | Villager (Male) |
| 20:45 | Create | Villager (Male) |
| 20:45 | Create | Villager (Male) |
| 20:46 | Create | Villager (Male) |
| 20:58 | Create | Villager (Male) |
| 20:59 | Create | Villager (Male) |
| 21:06 | Build | Farm |
| 21:10 | Build | Town Center |
| 21:16 | Create | Villager (Male) |
| 21:19 | Build | Farm |
| 21:20 | Build | Farm |
| 21:25 | Create | Villager (Male) |
| 21:27 | Create | Villager (Male) |
| 21:28 | Create | Villager (Male) |
| 21:36 | Build | House |
| 21:44 | Create | Monk |
Build order — Luchof995
First 150 of 185 actions detected
| 0:25 | Build | House |
| 0:26 | Build | House |
| 0:27 | Build | House |
| 0:28 | Build | House |
| 0:29 | Build | House |
| 0:30 | Build | House |
| 0:32 | Build | House |
| 0:34 | Build | House |
| 0:37 | Create | Villager (Male) |
| 0:37 | Create | Villager (Male) |
| 0:38 | Create | Villager (Male) |
| 0:38 | Create | Villager (Male) |
| 0:38 | Create | Villager (Male) |
| 3:07 | Create | Villager (Male) |
| 3:07 | Create | Villager (Male) |
| 3:29 | Create | Villager (Male) |
| 4:35 | Create | Villager (Male) |
| 4:35 | Create | Villager (Male) |
| 5:08 | Create | Villager (Male) |
| 5:54 | Build | Mill |
| 6:10 | Create | Villager (Male) |
| 6:10 | Create | Villager (Male) |
| 6:24 | Create | Villager (Male) |
| 7:46 | Build | Barracks |
| 9:25 | Build | Mining Camp |
| 9:54 | Build | Lumber Camp |
| 10:04 | Create | Villager (Male) |
| 10:04 | Create | Villager (Male) |
| 10:06 | Create | Villager (Male) |
| 11:21 | Create | Villager (Male) |
| 11:24 | Create | Villager (Male) |
| 11:44 | Research | Feudal Age |
| 12:03 | Build | Farm |
| 12:11 | Build | Farm |
| 12:24 | Build | Farm |
| 12:38 | Build | Farm |
| 12:56 | Build | Farm |
| 13:26 | Build | Farm |
| 13:40 | Build | Farm |
| 14:07 | Build | Farm |
| 14:31 | Build | Farm |
| 14:40 | Create | Villager (Male) |
| 14:41 | Create | Villager (Male) |
| 14:41 | Create | Villager (Male) |
| 14:42 | Create | Villager (Male) |
| 14:42 | Create | Villager (Male) |
| 15:27 | Research | Double-Bit Axe |
| 15:33 | Research | Horse Collar |
| 16:10 | Build | Farm |
| 16:43 | Build | Blacksmith |
| 16:56 | Create | Villager (Male) |
| 16:56 | Create | Villager (Male) |
| 16:56 | Create | Villager (Male) |
| 17:54 | Build | Farm |
| 18:31 | Build | Archery Range |
| 19:29 | Research | Wheelbarrow |
| 19:30 | Research | Loom |
| 20:13 | Build | Market |
| 21:18 | Research | Castle Age |
| 22:17 | Create | Skirmisher |
| 22:18 | Create | Skirmisher |
| 22:18 | Create | Skirmisher |
| 22:19 | Create | Skirmisher |
| 22:19 | Create | Skirmisher |
| 22:21 | Create | Skirmisher |
| 22:22 | Create | Skirmisher |
| 22:22 | Create | Skirmisher |
| 22:23 | Create | Skirmisher |
| 23:47 | Create | Trade Cart |
| 23:47 | Create | Trade Cart |
| 23:48 | Create | Trade Cart |
| 23:48 | Create | Trade Cart |
| 23:49 | Create | Trade Cart |
| 23:51 | Create | Trade Cart |
| 24:15 | Create | Villager (Male) |
| 24:15 | Create | Villager (Male) |
| 24:16 | Create | Villager (Male) |
| 24:16 | Create | Villager (Male) |
| 24:16 | Create | Villager (Male) |
| 24:30 | Research | Elite Skirmisher (upgrade) |
| 24:36 | Research | Forging |
| 24:36 | Research | Scale Mail Armor |
| 24:44 | Research | Scale Barding Armor |
| 25:05 | Build | Farm |
| 25:53 | Build | Stone Wall |
| 26:05 | Build | House |
| 26:06 | Build | House |
| 26:08 | Build | House |
| 26:09 | Build | House |
| 26:10 | Build | House |
| 26:10 | Build | House |
| 26:12 | Build | House |
| 26:12 | Build | House |
| 26:25 | Build | Farm |
| 26:30 | Create | Villager (Male) |
| 26:31 | Create | Villager (Male) |
| 26:31 | Create | Villager (Male) |
| 26:32 | Create | Villager (Male) |
| 27:02 | Research | Heavy Plow |
| 27:08 | Research | Bow Saw |
| 27:40 | Build | Farm |
| 28:05 | Build | Farm |
| 28:28 | Build | Lumber Camp |
| 28:59 | Build | Gate |
| 29:11 | Build | Monastery |
| 29:56 | Create | Villager (Male) |
| 29:57 | Create | Villager (Male) |
| 29:57 | Create | Villager (Male) |
| 29:57 | Create | Villager (Male) |
| 30:21 | Build | Siege Workshop |
| 30:47 | Build | Stone Wall |
| 30:52 | Build | Gate |
| 32:05 | Build | Farm |
| 32:06 | Build | Farm |
| 32:57 | Create | Monk |
| 32:58 | Create | Monk |
| 33:04 | Research | Imperial Age |
| 34:32 | Build | University |
| 35:55 | Create | Villager (Male) |
| 35:55 | Create | Villager (Male) |
| 35:56 | Create | Villager (Male) |
| 35:56 | Create | Villager (Male) |
| 35:56 | Create | Villager (Male) |
| 36:17 | Build | Castle |
| 36:51 | Build | Mining Camp |
| 36:59 | Create | Villager (Male) |
| 37:00 | Create | Villager (Male) |
| 37:00 | Create | Villager (Male) |
| 37:00 | Create | Villager (Male) |
| 37:00 | Create | Villager (Male) |
| 37:01 | Create | Villager (Male) |
| 37:02 | Create | Villager (Male) |
| 37:02 | Create | Villager (Male) |
| 37:02 | Create | Villager (Male) |
| 37:02 | Create | Villager (Male) |
| 37:02 | Create | Villager (Male) |
| 37:15 | Research | Caravan |
| 37:19 | Research | Iron Casting |
| 37:20 | Research | Chain Mail Armor |
| 37:20 | Research | Chain Barding Armor |
| 37:21 | Research | Fletching |
| 38:31 | Create | Villager (Male) |
| 38:31 | Create | Villager (Male) |
| 38:31 | Create | Villager (Male) |
| 38:31 | Create | Villager (Male) |
| 38:41 | Research | Two-Man Saw |
| 38:44 | Research | Gold Mining |
| 38:47 | Research | Stone Mining |
| 39:05 | Create | Trade Cart |
| 39:06 | Create | Trade Cart |
Build order — ClaudioTx23
86 actions detected in the replay
| 5:04 | Create | Villager (Male) |
| 5:07 | Create | Villager (Male) |
| 5:54 | Build | House |
| 5:58 | Build | House |
| 6:05 | Build | House |
| 6:25 | Build | House |
| 6:44 | Create | Villager (Male) |
| 6:44 | Create | Villager (Male) |
| 7:22 | Build | Settlement |
| 9:02 | Create | Villager (Male) |
| 9:04 | Create | Villager (Male) |
| 9:07 | Create | Villager (Male) |
| 12:57 | Create | Villager (Male) |
| 12:59 | Create | Villager (Male) |
| 15:10 | Build | Settlement |
| 15:58 | Create | Villager (Male) |
| 16:01 | Create | Villager (Male) |
| 16:24 | Create | Villager (Male) |
| 16:26 | Create | Villager (Male) |
| 16:44 | Build | Farm |
| 17:00 | Build | Farm |
| 17:23 | Build | Farm |
| 17:33 | Build | Farm |
| 19:39 | Build | Settlement |
| 20:07 | Create | Villager (Male) |
| 20:09 | Create | Villager (Male) |
| 20:10 | Create | Villager (Male) |
| 20:12 | Create | Villager (Male) |
| 20:54 | Create | Villager (Male) |
| 20:54 | Create | Villager (Male) |
| 21:00 | Research | Feudal Age |
| 21:35 | Build | Farm |
| 21:43 | Build | Farm |
| 22:03 | Create | Villager (Male) |
| 22:04 | Create | Villager (Male) |
| 22:12 | Build | House |
| 22:15 | Build | House |
| 22:18 | Build | House |
| 22:21 | Build | House |
| 22:23 | Build | House |
| 22:26 | Build | House |
| 22:56 | Build | Farm |
| 23:36 | Build | Settlement |
| 24:02 | Create | Villager (Male) |
| 24:03 | Create | Villager (Male) |
| 27:03 | Build | Stone Wall |
| 27:15 | Build | Farm |
| 27:58 | Build | Barracks |
| 29:15 | Build | Farm |
| 29:34 | Create | Spearman |
| 29:34 | Create | Spearman |
| 29:34 | Create | Spearman |
| 29:35 | Create | Spearman |
| 29:35 | Create | Spearman |
| 29:35 | Create | Spearman |
| 29:35 | Create | Spearman |
| 29:36 | Create | Spearman |
| 29:36 | Create | Spearman |
| 29:36 | Create | Spearman |
| 29:36 | Create | Spearman |
| 29:37 | Create | Spearman |
| 29:38 | Create | Unit 2550 |
| 29:38 | Create | Unit 2550 |
| 29:38 | Create | Unit 2550 |
| 29:39 | Create | Unit 2550 |
| 30:33 | Create | Villager (Male) |
| 31:12 | Build | Archery Range |
| 31:40 | Build | Stone Wall |
| 32:50 | Build | Blacksmith |
| 33:30 | Build | Stone Wall |
| 33:59 | Build | Market |
| 35:15 | Build | Gate |
| 36:18 | Build | Stone Wall |
| 37:11 | Research | Castle Age |
| 37:59 | Build | Gate |
| 38:26 | Create | Villager (Male) |
| 38:28 | Create | Villager (Male) |
| 38:33 | Create | Villager (Male) |
| 39:38 | Create | Trade Cart |
| 39:39 | Create | Trade Cart |
| 39:41 | Create | Trade Cart |
| 41:09 | Create | Trade Cart |
| 41:09 | Create | Trade Cart |
| 41:10 | Create | Trade Cart |
| 42:03 | Create | Archer |
| 42:04 | Create | Archer |
Build order — NoSoulGuy040
First 150 of 313 actions detected
| 0:25 | Build | Mining Camp |
| 0:30 | Create | Villager (Male) |
| 0:30 | Create | Villager (Male) |
| 0:30 | Create | Villager (Male) |
| 0:30 | Create | Villager (Male) |
| 0:31 | Create | Villager (Male) |
| 0:55 | Build | House |
| 1:06 | Build | House |
| 1:08 | Build | House |
| 1:12 | Build | House |
| 1:14 | Build | House |
| 5:02 | Build | Mill |
| 6:04 | Research | Loom |
| 6:42 | Create | Villager (Male) |
| 7:53 | Build | Barracks |
| 8:06 | Create | Villager (Male) |
| 8:28 | Build | Outpost |
| 9:16 | Build | Lumber Camp |
| 9:41 | Build | Palisade Wall |
| 10:07 | Create | Militia |
| 10:07 | Create | Militia |
| 10:07 | Create | Militia |
| 11:02 | Create | Militia |
| 11:02 | Create | Militia |
| 12:44 | Create | Villager (Male) |
| 12:45 | Create | Villager (Male) |
| 13:30 | Build | Farm |
| 13:54 | Create | Villager (Male) |
| 13:54 | Create | Villager (Male) |
| 16:14 | Create | Villager (Male) |
| 16:15 | Create | Villager (Male) |
| 16:17 | Create | Villager (Male) |
| 16:44 | Build | Farm |
| 17:49 | Create | Villager (Male) |
| 17:50 | Create | Villager (Male) |
| 17:50 | Create | Villager (Male) |
| 17:50 | Create | Villager (Male) |
| 17:51 | Create | Villager (Male) |
| 18:06 | Build | Mining Camp |
| 18:21 | Create | Militia |
| 18:22 | Create | Militia |
| 20:55 | Build | Farm |
| 20:55 | Build | Farm |
| 20:55 | Build | Farm |
| 20:55 | Build | Farm |
| 20:55 | Build | Farm |
| 20:55 | Build | Farm |
| 20:56 | Build | Farm |
| 20:56 | Build | Farm |
| 20:56 | Build | Farm |
| 20:56 | Build | Farm |
| 20:56 | Build | Farm |
| 20:56 | Build | Farm |
| 20:56 | Build | Farm |
| 20:56 | Build | Farm |
| 20:56 | Build | Farm |
| 20:56 | Build | Farm |
| 20:56 | Build | Farm |
| 20:56 | Build | Farm |
| 20:56 | Build | Farm |
| 20:56 | Build | Farm |
| 21:00 | Build | Farm |
| 21:00 | Build | Farm |
| 21:00 | Build | Farm |
| 21:00 | Build | Farm |
| 21:00 | Build | Farm |
| 21:00 | Build | Farm |
| 21:00 | Build | Farm |
| 21:00 | Build | Farm |
| 21:00 | Build | Farm |
| 21:00 | Build | Farm |
| 21:00 | Build | Farm |
| 21:00 | Build | Farm |
| 21:00 | Build | Farm |
| 21:00 | Build | Farm |
| 21:00 | Build | Farm |
| 21:01 | Build | Farm |
| 21:01 | Build | Farm |
| 21:01 | Build | Farm |
| 21:01 | Build | Farm |
| 21:01 | Build | Farm |
| 21:01 | Build | Farm |
| 21:01 | Build | Farm |
| 21:01 | Build | Farm |
| 21:01 | Build | Farm |
| 21:01 | Build | Farm |
| 21:01 | Build | Farm |
| 21:01 | Build | Farm |
| 21:01 | Build | Farm |
| 21:01 | Build | Farm |
| 21:01 | Build | Farm |
| 21:01 | Build | Farm |
| 21:01 | Build | Farm |
| 21:01 | Build | Farm |
| 21:02 | Build | Farm |
| 21:02 | Build | Farm |
| 21:02 | Build | Farm |
| 21:02 | Build | Farm |
| 21:02 | Build | Farm |
| 21:02 | Build | Farm |
| 21:02 | Build | Farm |
| 21:02 | Build | Farm |
| 21:02 | Build | Farm |
| 21:02 | Build | Farm |
| 21:02 | Build | Farm |
| 21:02 | Build | Farm |
| 21:02 | Build | Farm |
| 21:02 | Build | Farm |
| 21:02 | Build | Farm |
| 21:02 | Build | Farm |
| 21:02 | Build | Farm |
| 21:02 | Build | Farm |
| 21:02 | Build | Farm |
| 21:02 | Build | Farm |
| 21:02 | Build | Farm |
| 21:03 | Build | Farm |
| 21:03 | Build | Farm |
| 21:03 | Build | Farm |
| 21:03 | Build | Farm |
| 21:03 | Build | Farm |
| 21:03 | Build | Farm |
| 21:03 | Build | Farm |
| 21:03 | Build | Farm |
| 21:03 | Build | Farm |
| 21:03 | Build | Farm |
| 21:04 | Build | Farm |
| 21:04 | Build | Farm |
| 21:04 | Build | Farm |
| 21:04 | Build | Farm |
| 21:04 | Build | Farm |
| 21:06 | Build | Farm |
| 21:06 | Build | Farm |
| 21:06 | Build | Farm |
| 21:06 | Build | Farm |
| 21:06 | Build | Farm |
| 21:06 | Build | Farm |
| 21:06 | Build | Farm |
| 21:06 | Build | Farm |
| 21:06 | Build | Farm |
| 21:07 | Build | Farm |
| 21:07 | Build | Farm |
| 21:07 | Build | Farm |
| 21:07 | Build | Farm |
| 21:07 | Build | Farm |
| 21:07 | Build | Farm |
| 22:44 | Create | Villager (Male) |
| 23:05 | Build | House |
| 23:07 | Build | House |
| 23:10 | Build | House |
| 23:13 | Build | House |
Match timeline
| 1:38 | MaTii(ARG) · wall_segment Palisade Wall x8 |
| 1:40 | BABOOSHKA6849 · wall_segment Palisade Wall x9 |
| 1:55 | katten · wall_segment Palisade Wall x10 |
| 2:25 | Medivh4 · wall_segment Palisade Wall x8 |
| 3:21 | BABOOSHKA6849 · wall_segment Palisade Wall x9 |
| 4:10 | MaTii(ARG) · wall_segment Palisade Wall x16 |
| 4:54 | MaTii(ARG) · wall_segment Palisade Wall x1 |
| 5:01 | Medivh4 · wall_segment Palisade Wall x3 |
| 7:46 | Luchof995 · first_building Barracks |
| 7:53 | NoSoulGuy040 · first_building Barracks |
| 9:41 | NoSoulGuy040 · wall_segment Palisade Wall x13 |
| 11:20 | BABOOSHKA6849 · first_building Barracks |
| 11:38 | ASTON MARTIN · age_up feudal |
| 11:49 | katten · age_up feudal |
| 11:54 | Medivh4 · age_up feudal |
| 14:05 | MaTii(ARG) · age_up feudal |
| 14:26 | katten · first_building Barracks |
| 15:40 | ASTON MARTIN · age_up castle |
| 15:45 | Medivh4 · age_up castle |
| 16:06 | BABOOSHKA6849 · wall_segment Stone Wall x11 |
| 16:08 | ASTON MARTIN · first_market_sell 100 food |
| 16:13 | ASTON MARTIN · first_market_buy 100 stone |
| 16:20 | MaTii(ARG) · wall_segment Stone Wall x15 |
| 16:40 | katten · first_building Archery Range |
| 16:54 | Medivh4 · first_market_buy 100 stone |
| 18:16 | Medivh4 · wall_segment Palisade Wall x1 |
| 18:31 | Luchof995 · first_building Archery Range |
| 18:39 | MaTii(ARG) · age_up castle |
| 18:49 | BABOOSHKA6849 · wall_segment Stone Wall x10 |
| 18:51 | Medivh4 · first_building Monastery |
| 20:29 | BABOOSHKA6849 · wall_segment Stone Wall x10 |
| 21:38 | katten · age_up castle |
| 22:01 | MaTii(ARG) · first_market_buy 100 wood |
| 22:42 | MaTii(ARG) · first_building Monastery |
| 22:56 | MaTii(ARG) · wall_segment Stone Wall x9 |
| 23:10 | BABOOSHKA6849 · first_building Monastery |
| 25:43 | MaTii(ARG) · first_building Barracks |
| 25:52 | MaTii(ARG) · first_building Siege Workshop |
| 25:53 | Luchof995 · wall_segment Stone Wall x10 |
| 26:06 | Medivh4 · first_building Castle |
| 26:31 | ASTON MARTIN · first_building Monastery |
| 26:48 | MaTii(ARG) · first_building Stable |
| 27:03 | ClaudioTx23 · wall_segment Stone Wall x17 |
| 27:58 | ClaudioTx23 · first_building Barracks |
| 28:29 | MaTii(ARG) · first_building Archery Range |
| 28:47 | NoSoulGuy040 · first_building Stable |
| 28:48 | BABOOSHKA6849 · first_building Castle |
| 29:11 | Luchof995 · first_building Monastery |
| 29:18 | ASTON MARTIN · first_building Barracks |
| 29:21 | katten · first_building Castle |
| 29:24 | Medivh4 · wall_segment Palisade Wall x9 |
| 30:00 | Medivh4 · first_building Barracks |
| 30:03 | Medivh4 · first_building Siege Workshop |
| 30:21 | Luchof995 · first_building Siege Workshop |
| 30:39 | ASTON MARTIN · first_building Siege Workshop |
| 30:42 | ASTON MARTIN · first_building Stable |
| 30:47 | Luchof995 · wall_segment Stone Wall x11 |
| 30:50 | ASTON MARTIN · age_up imperial |
| 31:06 | Medivh4 · first_building Stable |
| 31:07 | Medivh4 · first_building Archery Range |
| 31:12 | ClaudioTx23 · first_building Archery Range |
| 31:32 | ASTON MARTIN · first_building Castle |
| 31:40 | ClaudioTx23 · wall_segment Stone Wall x5 |
| 31:44 | NoSoulGuy040 · first_building Archery Range |
| 32:06 | Medivh4 · age_up imperial |
| 32:09 | katten · first_building Monastery |
| 33:17 | MaTii(ARG) · age_up imperial |
| 33:30 | ClaudioTx23 · wall_segment Stone Wall x9 |
| 35:12 | MaTii(ARG) · first_building Castle |
| 35:38 | BABOOSHKA6849 · first_building Archery Range |
| 36:17 | Luchof995 · first_building Castle |
| 36:18 | ClaudioTx23 · wall_segment Stone Wall x11 |
| 37:44 | BABOOSHKA6849 · first_market_buy 100 food |
| 38:55 | BABOOSHKA6849 · wall_segment Stone Wall x9 |
| 39:26 | Luchof995 · first_building Stable |
| 39:43 | BABOOSHKA6849 · wall_segment Stone Wall x2 |
| 40:23 | ASTON MARTIN · wall_segment Stone Wall x2 |
| 40:25 | ASTON MARTIN · wall_segment Stone Wall x7 |
| 41:54 | MaTii(ARG) · resign |
| 42:07 | katten · age_up imperial |
| 42:16 | Medivh4 · first_market_sell 500 food |
[ AI ANALYSIS · 1 CREDIT ]
What really happened in this match?
Wolo.gg analyzes every decision: build order, eco, micro, common mistakes by bracket. Personalized analysis on WhatsApp or Discord in 30 seconds.
Civ guide
Bengalis
Perfil
Jugador #5659505